 Dungeon Crawl Stone Soup version 0.17.0-24-gcfadda4 (console) character file.

1264 gw the Chopper (level 8, 36/73 HPs)
             Began as a Deep Dwarf Fighter on Nov 15, 2015.
             Quit the game in a sewer.
             The game lasted 00:05:42 (3280 turns).

gw the Chopper (Deep Dwarf Fighter)                 Turns: 3280, Time: 00:05:42

Health: 36/73      AC: 13    Str: 21    XL:     8   Next: 27%
Magic:  8/8        EV:  2    Int:  8    God:
Gold:   194        SH: 15    Dex: 14    Spells: 0 memorised, 7 levels left

rFire  . . .     SeeInvis .     b - +0 war axe
rCold  . . .     Clarity  .     d - +0 plate armour
rNeg   . . .     SustAt   .     s - +0 large shield
rPois  .         Gourm    .     (no helmet)
rElec  .         Spirit   .     g - +0 cloak (curse)
rCorr  +         Warding  .     (no gloves)
rMut   .         Stasis   .     (no boots)
MR     +....                    q - amulet of resist corrosion
Stlth  ..........               (no ring)
                                (no ring)

@: non-regenerating, somewhat resistant to hostile enchantments, extremely
unstealthy
A: damage resistance, recharge devices, sense surroundings 1, slow regeneration
3
a: Device Recharging


You were in a sewer.
You were hungry.

You visited 1 branch of the dungeon, and saw 4 of its levels.
You also visited: Sewer.

You collected 194 gold pieces.

Inventory:

Hand Weapons
 b - a +0 war axe (weapon)
Missiles
 i - 164 stones
 t - 4 steel tomahawks (quivered)
 u - a tomahawk
Armour
 d - a +0 plate armour (worn)
 g - a cursed +0 cloak (worn)
 s - a +0 large shield (worn)
Jewellery
 q - an amulet of resist corrosion (around neck)
Wands
 e - a wand of heal wounds (3)
 h - a wand of random effects (10)
Scrolls
 a - 2 scrolls of noise
 l - a scroll of remove curse
 r - a scroll of identify
Potions
 c - a potion of magic {unknown}
 o - a potion of flight {unknown}
 p - a potion of ambrosia
Comestibles
 f - 3 bread rations
 j - a slice of pizza
 k - 4 meat rations
 m - a beef jerky
 n - 2 fruits


   Skills:
 + Level 4.7 Fighting
 * Level 6.6 Axes
 + Level 3.2 Throwing
 + Level 5.5 Armour
 + Level 5.3 Shields
 - Level 1.5 Evocations


You had 7 spell levels left.
You didn't know any spells.

Dungeon Overview and Level Annotations

Branches:
Dungeon (4/15)
 Temple: D:4-7

Altars:
Okawaru
Xom

Shops:
D:4 *


Innate Abilities, Weirdness & Mutations

You are resistant to damage.
You can recharge devices by infusing magical energy.
You passively map a small area around you.
You do not regenerate naturally.


Message History

Search for what [Enter for "@corpse$&&!!rott&&!!skel&&!!inedible&&!!mutagenic&&!!forbidden", or ? for help]? @corpse$&&!!rott&&!!skel&&!!inedible&&!!mutagenic&&!!forbidden Search for what [Enter for "@corpse$&&!!rott&&!!skel&&!!inedible&&!!mutagenic&&!!forbidden", or ? for help]? @corpse$&&!!rott&&!!skel&&!!inedible&&!!mutagenic&&!!forbidden Search for what [Enter for "@corpse$&&!!rott&&!!skel&&!!inedible&&!!mutagenic&&!!forbidden", or ? for help]? @corpse$&&!!rott&&!!skel&&!!inedible&&!!mutagenic&&!!forbidden Search for what [Enter for "@corpse$&&!!rott&&!!skel&&!!inedible&&!!mutagenic&&!!forbidden", or ? for help]? @corpse$&&!!rott&&!!skel&&!!inedible&&!!mutagenic&&!!forbidden Search for what [Enter for "@corpse$&&!!rott&&!!skel&&!!inedible&&!!mutagenic&&!!forbidden", or ? for help]? @corpse$&&!!rott&&!!skel&&!!inedible&&!!mutagenic&&!!forbidden Search for what [Enter for "@corpse$&&!!rott&&!!skel&&!!inedible&&!!mutagenic&&!!forbidden", or ? for help]? @corpse$&&!!rott&&!!skel&&!!inedible&&!!mutagenic&&!!forbidden Search for what [Enter for "@corpse$&&!!rott&&!!skel&&!!inedible&&!!mutagenic&&!!forbidden", or ? for help]? @corpse$&&!!rott&&!!skel&&!!inedible&&!!mutagenic&&!!forbidden Search for what [Enter for "@corpse$&&!!rott&&!!skel&&!!inedible&&!!mutagenic&&!!forbidden", or ? for help]? @corpse$&&!!rott&&!!skel&&!!inedible&&!!mutagenic&&!!forbidden Search for what [Enter for "@corpse$&&!!rott&&!!skel&&!!inedible&&!!mutagenic&&!!forbidden", or ? for help]? @corpse$&&!!rott&&!!skel&&!!inedible&&!!mutagenic&&!!forbidden Search for what [Enter for "@corpse$&&!!rott&&!!skel&&!!inedible&&!!mutagenic&&!!forbidden", or ? for help]? @corpse$&&!!rott&&!!skel&&!!inedible&&!!mutagenic&&!!forbidden Search for what [Enter for "@corpse$&&!!rott&&!!skel&&!!inedible&&!!mutagenic&&!!forbidden", or ? for help]? @corpse$&&!!rott&&!!skel&&!!inedible&&!!mutagenic&&!!forbidden Search for what [Enter for "@corpse$&&!!rott&&!!skel&&!!inedible&&!!mutagenic&&!!forbidden", or ? for help]? @corpse$&&!!rott&&!!skel&&!!inedible&&!!mutagenic&&!!forbidden Search for what [Enter for "@corpse$&&!!rott&&!!skel&&!!inedible&&!!mutagenic&&!!forbidden", or ? for help]? @corpse$&&!!rott&&!!skel&&!!inedible&&!!mutagenic&&!!forbidden Search for what [Enter for "@corpse$&&!!rott&&!!skel&&!!inedible&&!!mutagenic&&!!forbidden", or ? for help]? @corpse$&&!!rott&&!!skel&&!!inedible&&!!mutagenic&&!!forbidden Search for what [Enter for "@corpse$&&!!rott&&!!skel&&!!inedible&&!!mutagenic&&!!forbidden", or ? for help]? @corpse$&&!!rott&&!!skel&&!!inedible&&!!mutagenic&&!!forbidden Search for what [Enter for "@corpse$&&!!rott&&!!skel&&!!inedible&&!!mutagenic&&!!forbidden", or ? for help]? @corpse$&&!!rott&&!!skel&&!!inedible&&!!mutagenic&&!!forbidden Search for what [Enter for "@corpse$&&!!rott&&!!skel&&!!inedible&&!!mutagenic&&!!forbidden", or ? for help]? @corpse$&&!!rott&&!!skel&&!!inedible&&!!mutagenic&&!!forbidden Search for what [Enter for "@corpse$&&!!rott&&!!skel&&!!inedible&&!!mutagenic&&!!forbidden", or ? for help]? @corpse$&&!!rott&&!!skel&&!!inedible&&!!mutagenic&&!!forbidden Infinite lua loop detected, aborting.
Are you sure you want to abandon this character and quit the game? (Confirm with "yes".)

#.....# #.~¤~. .....*
#'''#* ### ##...## ####
...##.¤.¤.##..¤#
.¤.'...))..'¤~¤. * *
.¤.'.¤.g.¤.'¤¤.. ,
.¤.'.......'.¤¤. *
...##..¤..##...# #
##)))## ##
####(#############
~~~#...#~~~~~~#..~#
~~~~.....~~~.~~..~~# ~
# ....#~~~#(...).#.~.#
#'#######~#######'##.##


There were no monsters in sight!

Table legend:
 A = Turns spent in this place as a percentage of turns spent in the entire game.
 B = Non-inter-level travel turns spent in this place as a percentage of non-inter-level travel turns spent in the entire game.
 C = Inter-level travel turns spent in this place as a percentage of turns spent in this place.
 D = Turns resting spent in this place as a percentage of non-inter-level travel turns spent in this place.
 E = Turns spent auto-exploring this place as a percentage of non-inter-level travel turns spent in this place.
 F = Non-inter-level travel turns spent in this place divided by the number of levels of this place that you've seen.
                   A       B       C       D       E      F
               +-------+-------+-------+-------+-------+----------------------
         Total | 100.0 | 100.0 |   0.2 |   0.0 |   1.6 | 2222.2
       Dungeon |  55.8 |  55.7 |   0.4 |   0.0 |   2.7 | 1547.8
         Sewer |  44.2 |  44.3 |   0.0 |   0.0 |   0.2 | 4920.0
               +-------+-------+-------+-------+-------+----------------------

Table legend:
 A = Kills in this place as a percentage of kills in entire the game.
 B = Kills by you in this place as a percentage of kills by you in the entire game.
 C = Kills by friends in this place as a percentage of kills by friends in the entire game.
 D = Other kills in this place as a percentage of other kills in the entire game.
 E = Experience gained in this place as a percentage of experience gained in the entire game.
 F = Experience gained in this place divided by the number of levels of this place that you have seen.
                   A       B       C       D       E      F
               +-------+-------+-------+-------+-------+----------------------
         Total | 100.0 | 100.0 |  -nan |  -nan | 100.0 | 361.2
       Dungeon |  74.8 |  74.8 |  -nan |  -nan |  37.5 | 169.5
         Sewer |  25.2 |  25.2 |  -nan |  -nan |  62.5 | 1128.0
               +-------+-------+-------+-------+-------+----------------------

Vanquished Creatures
  A kobold demonologist (Sewer)
  Grinder (Sewer)
  The ghost of gw the Bolt Thrower, an amateur DDHu (Sewer)
  An ogre (D:4)
  2 big kobolds (Sewer)
  A water moccasin skeleton (D:3)
  An orc wizard (D:4)
  2 hounds (D:4)
  A worker ant (D:4)
  2 big kobold zombies (Sewer)
  6 gnolls
  8 adders
  2 river rats (D:4)
  3 shadow imps (Sewer)
  An ufetubus (Sewer)
  3 oozes
  2 adder zombies (Sewer)
  A worm (D:2)
  3 giant geckos (D:2)
  6 orcs
  9 bats
  6 giant cockroaches
  4 goblins
  5 hobgoblins
  5 jackals
  2 quokkas
  4 ball pythons
  5 giant newts
  16 kobolds
  15 rats
119 creatures vanquished.

Vanquished Creatures (others)
  2 big kobold zombies (Sewer)
  3 giant cockroaches (Sewer)
5 creatures vanquished.

Grand Total: 124 creatures vanquished

Notes
Turn   | Place    | Note
--------------------------------------------------------------
     0 | D:1      | gw the Deep Dwarf Fighter began the quest for the Orb.
     0 | D:1      | Reached XP level 1. HP: 20/20 MP: 1/1
   109 | D:1      | Reached skill level 1 in Evocations
   202 | D:1      | Reached XP level 2. HP: 27/27 MP: 2/2
   854 | D:1      | Gained mutation: You are frail (-10% HP). [potion of mutation]
   854 | D:1      | Gained mutation: You are weak. (Str -2) [potion of mutation]
   854 | D:1      | Gained mutation: Your body sometimes deteriorates upon taking damage. [potion of mutation]
  1069 | D:2      | Reached XP level 3. HP: 24/30 MP: 3/3
  1190 | D:2      | Reached XP level 4. HP: 30/37 MP: 5/5
  1400 | D:2      | Reached skill level 1 in Throwing
  1440 | D:2      | Found an iron altar of Okawaru.
  1874 | D:2      | Lost mutation: Your body sometimes deteriorates upon taking damage. [potion of cure mutation]
  1874 | D:2      | Lost mutation: You are weak. (Str -2) [potion of cure mutation]
  1874 | D:2      | Lost mutation: You are frail (-10% HP). [potion of cure mutation]
  2054 | D:3      | Reached XP level 5. HP: 46/49 MP: 6/6
  2063 | D:3      | Found a faded altar to an unknown god.
  2090 | D:3      | Reached skill level 4 in Armour
  2542 | D:4      | Found a shimmering altar of Xom.
  2606 | D:4      | Reached XP level 6. HP: 31/57 MP: 7/7
  2756 | D:4      | Found Rekhakag's General Store.
  2992 | D:4      | Found a glowing drain.
  3022 | Sewer    | Entered a sewer
  3060 | Sewer    | Reached skill level 5 in Axes
  3107 | Sewer    | Noticed gw's ghost (amateur DDHu)
  3115 | Sewer    | Killed gw's ghost
  3115 | Sewer    | Reached XP level 7. HP: 47/64 MP: 7/7
  3220 | Sewer    | Found a burning altar of Makhleb.
  3221 | Sewer    | Noticed Grinder
  3254 | Sewer    | Killed Grinder
  3254 | Sewer    | Reached skill level 6 in Axes
  3254 | Sewer    | Reached skill level 5 in Armour
  3258 | Sewer    | Reached skill level 5 in Shields
  3261 | Sewer    | Noticed an apprentice kobold demonologist
  3279 | Sewer    | Killed an apprentice kobold demonologist
  3279 | Sewer    | Reached XP level 8. HP: 36/73 MP: 8/8
  3280 | Sewer    | Quit the game

Action                   |  1- 3 |  4- 6 |  7- 9 || total
-------------------------+-------+-------+-------++-------
Melee: War axe           |   119 |   225 |    76 ||   420
Throw: Stone             |    75 |    88 |       ||   163
       Tomahawk          |       |    17 |     4 ||    21
 Abil: Device Recharging |       |     1 |       ||     1
Evoke: Wand              |     1 |     4 |     6 ||    11
  Use: Scroll            |     5 |     3 |       ||     8
       Potion            |     3 |     2 |       ||     5
  Eat: Chunk             |     1 |     7 |       ||     8

Vault maps used:
D:1:      dpeg_arrival_stone_temple_mockup, kennysheep_crisscross
D:2:      minivault_5, okawaru_gym_becter
D:3:      first_bread, ecumenical_altar_1, lemuel_another_geyser
D:4:      xom_teletrap_fun, portal_sewer_entry_e, serial_shops, shop
Sewer:    kennysheep_sewer_church
